 Dungeon Crawl Stone Soup version 0.29.1-15-g9cfb28693d (webtiles) character file.

Game seed: 12846240627215233264

724 H0rd4k the Charlatan (level 8, -2/57 HPs)
             Began as a Human Artificer on Apr 27, 2023.
             Was an Initiate of Gozag.
             Slain by a sky beast (5 damage)
             ... on level 6 of the Dungeon.
             The game lasted 00:05:54 (5636 turns).

H0rd4k the Charlatan (Human Artificer)              Turns: 5636, Time: 00:05:56

Health: -2/57      AC:  4    Str: 10 (12) XL:     8   Next: 2%
Magic:  0/9        EV: 12    Int: 19 (20) God:    Gozag
Gold:   401        SH:  0    Dex: 12 (14) Spells: 9/9 levels left

rFire   + . .      SeeInvis .   h - +3 short sword
rCold   . . .      Faith    .   (no shield)
rNeg    . . .      Spirit   +   w - +1 leather armour {rF+}
rPois   .          Reflect  .   (no helmet)
rElec   .          Harm     .   (no cloak)
rCorr   .          Rampage  .   (no gloves)
Will    .....                   (no boots)
Stlth   ++........              r - amulet of guardian spirit
HPRegen 0.19/turn               v - +6 ring of intelligence
MPRegen 0.11/turn               x - ring of flight

@: mighty, gold aura, flying
A: no striking features
a: Renounce Religion, Potion Petition, Call Merchant, Bribe Branch


You were on level 6 of the Dungeon.
You worshipped Gozag.
Gozag was aware of your devotion.
You visited 2 branches of the dungeon, and saw 7 of its levels.

You collected 470 gold pieces.
You paid 69 gold pieces to Gozag.

Inventory:

Hand Weapons
 c - a +1 dagger of freezing
 h - a +3 short sword (weapon)
Missiles
 t - 2 poisoned darts
Armour
 w - a +1 leather armour of fire resistance (worn)
Jewellery
 p - an amulet of the acrobat
 r - an amulet of guardian spirit (around neck)
 v - a +6 ring of intelligence (left hand)
 x - a ring of flight (right hand)
Wands
 d - a wand of charming (12)
Scrolls
 f - 7 scrolls of identify {unknown}
 j - 2 scrolls of blinking {unknown}
 k - a scroll of poison {unknown}
 l - a scroll of immolation {unknown}
 n - a scroll of enchant weapon {unknown}
 o - a scroll of amnesia {unknown}
 s - 3 scrolls of fear {unknown}
 y - 2 scrolls of teleportation {unknown}
 A - a scroll of fog {unknown}
Potions
 a - a potion of resistance {unknown}
 b - a potion of might
 g - a potion of attraction {unknown}
 i - a potion of experience {unknown}
 m - a potion of degeneration
 q - 2 potions of mutation {unknown}
 u - a potion of invisibility {unknown}
 z - a potion of flight {unknown}


   Skills:
 + Level 2.6 Fighting
 + Level 4.0 Short Blades
 + Level 0.8 Maces & Flails
 - Level 2.0 Armour
 + Level 3.1 Dodging
 + Level 3.8 Stealth
 * Level 1.1 Spellcasting
 + Level 4.9 Evocations


You had 9 spell levels left.
You didn't know any spells.
Your spell library contained the following spells:

 Spells                   Type           Power      Damage    Failure   Level
 Sandblast                Erth           2%         2d4       24%         1
 Passwall                 Tmut/Erth      0%         N/A       36%         2
 Stone Arrow              Conj/Erth      2%         3d7       58%         3


Dungeon Overview and Level Annotations

Branches:
Dungeon (6/15)             Temple (1/1) D:4

Altars:
Ashenzari
Cheibriados
Dithmenos
Fedhas
Gozag
Hepliaklqana
Kikubaaqudgha
Makhleb
Nemelex Xobeh
Okawaru
Qazlal
Ru
Sif Muna
Trog
Uskayaw
Vehumet
Wu Jian
Yredelemnul
Zin
The Shining One

Shops:
D:2 =[*?(

Annotations:
D:4 exclusion: black bear
D:5 3 runed translucent doors, Dowan; Sensen's ghost, amateur MiBe; TangoThomas's ghost, amateur DsNe; engelados's ghost, amateur OpCj


Message History

You puncture the iguana!
The iguana is severely wounded.
The iguana bites you! Something hits you. Something shocks you.
You are too injured to fight recklessly!
You are too injured to fight recklessly!
You are too injured to fight recklessly!
The iguana attacks as you move away! The iguana closely misses you.
Unknown command.
A sky beast appears from thin air!
Reactivating autopickup.
The sky beast flickers out of sight!
Deactivating autopickup; reactivate with Ctrl-A.
Aiming: Iceblast
Press: ? - help, Shift-Dir - straight line, f - iguana
Aim: an iguana (severely wounded)
The mass of ice explodes!
The iceblast engulfs something!!
The iceblast engulfs you!!
* * * LOW HITPOINT WARNING * * *
The iceblast engulfs the adder!!
You kill the adder!
The iceblast engulfs the iguana!
You kill the iguana!
The now-empty wand crumbles to dust.
Something hits you but does no damage.
You have reached level 8!
You feel clever.
It was a potion of might.
You feel very mighty all of a sudden. Something hits you.
* * * LOW HITPOINT WARNING * * *
Something shocks you.
* * * LOW HITPOINT WARNING * * *
Unknown command.
It was a potion of degeneration.
There was something very wrong with that liquid.
You feel weakened.
You feel dopey.
You feel clumsy. Something hits you.
* * * LOW HITPOINT WARNING * * *
Something shocks you.
You die...
Your body crumbles into a pile of gold.

#.##.##
#..?>.
#..#.#
#..#.##
.....#
#....###.
#.......!
####$..###..
#.@.$....#
#.##.###....
#.##.# ...
#.##.. ..
#.#####
#.#.##.##
#.# #.#
#...#....
#.#####.#
#...#...#
#.....#.#
#.......#
#####.#.#
#.......#


There were no monsters in sight!

Vanquished Creatures
  Sigmund (D:2)
  A phantom (D:4)
  A jelly (D:4)
  A hound (D:4)
  Jessica (D:2)
  Natasha (D:4)
  4 iguanas
  An orc wizard (D:5)
  8 adders
  2 worms (D:2)
  2 dart slugs (D:1)
  4 orcs
  7 ball pythons
  7 endoplasms
  3 giant cockroaches
  3 goblins
  8 hobgoblins
  6 jackals
  6 kobolds
  A quokka (D:2)
  4 bats
  A frilled lizard (D:3)
  7 rats
80 creatures vanquished.

Vanquished Creatures (collateral kills)
  Duvessa (D:5)
  3 orcs (D:5)
4 creatures vanquished.

Vanquished Creatures (others)
  An orc (D:5)
  A fungus (D:6)
2 creatures vanquished.

Grand Total: 86 creatures vanquished

Notes
Turn   | Place    | Note
-------+----------+-------------------------------------------
     0 | D:1      | H0rd4k the Human Artificer began the quest for the Orb.
     0 | D:1      | Reached XP level 1. HP: 15/15 MP: 1/1
   362 | D:1      | Reached XP level 2. HP: 21/21 MP: 2/2
   985 | D:1      | Reached XP level 3. HP: 25/26 MP: 3/3
  1054 | D:1      | Found a faded altar of an unknown god.
  1387 | D:2      | Noticed Jessica
  1399 | D:2      | Killed Jessica
  1400 | D:2      | Reached XP level 4. HP: 6/32 MP: 4/4
  1780 | D:2      | Found Fomoge's General Store.
  2042 | D:2      | Found Aklaemut's Jewellery Shop.
  2055 | D:2      | Reached skill level 1 in Short Blades
  2253 | D:2      | Found Uthiziem's Armour Boutique.
  2326 | D:2      | Found Xaffus's Magic Scroll Shoppe.
  2326 | D:2      | Noticed Sigmund
  2339 | D:2      | Reached XP level 5. HP: 25/37 MP: 5/5
  2340 | D:2      | Killed Sigmund
  2341 | D:2      | Reached XP level 6. HP: 16/44 MP: 6/6
  2644 | D:2      | Found Midaatow's Weapon Shoppe.
  3516 | D:3      | Identified the +4 spear "Jiomig" {freeze, *Corrode rF+
                  | Will+ Str+4}
  3882 | D:4      | Found a staircase to the Ecumenical Temple.
  3890 | Temple   | Entered the Ecumenical Temple
  3919 | Temple   | Became a worshipper of Gozag Ym Sagoz the Greedy
  3974 | D:4      | Noticed a black bear
  4052 | D:4      | Reached XP level 7. HP: 48/50 MP: 5/7
  4115 | D:4      | Found the +5 glaive of the Guard {elec, spectral, AC+5}
  4641 | D:4      | Noticed Natasha
  4645 | D:4      | Killed Natasha
  4775 | D:5      | Entered Level 5 of the Dungeon
  4775 | D:5      | Found a runed translucent gate.
  4775 | D:5      | Found a runed translucent gate.
  4775 | D:5      | Found a runed translucent gate.
  4814 | D:5      | Noticed TangoThomas's ghost (amateur DsNe)
  4814 | D:5      | Noticed Sensen's ghost (amateur MiBe)
  4816 | D:5      | Noticed engelados's ghost (amateur OpCj)
  4969 | D:5      | Found a hide-covered altar of Uskayaw.
  5497 | D:5      | Noticed Dowan
  5505 | D:5      | Killed Duvessa
  5506 | D:5      | Reached skill level 1 in Spellcasting
  5635 | D:6      | Reached XP level 8. HP: 9/57 MP: 1/9
  5636 | D:6      | Slain by a sky beast

Illustrated notes

Levels and vault maps discovered:
D:1:      sevenhm_arrival_forest_fort_large_4, layout_loops_ring,
          shapermc_ecumenical_altar_mp_urbaneastern,
          chequers_serial_rivers_small_a, nicolae_hexahallways
D:2:      layout_loops_ring, serial_shops, shop, nicolae_square_shop, shop,
          nicolae_diamond_shop, shop, chequers_serial_rivers_large_b,
          uniq_sigmund, uniq_jessica
D:3:      layout_loops_ring
D:4:      layout_basic, minmay_temple_entry_ruins, hangedman_decor_points,
          minivault_26, grunt_ministairs_1, st_stairs_9, uniq_natasha
D:5:      nicolae_cairo_tiling, layout_gridville,
          nicolae_overflow_crystal_walls, gammafunk_ghost_cemetery, uniq_duvessa
D:6:      layout_basic, serial_aquarium, aquarium_bridge_straight
          [aquarium_subvault_bridge, aquarium_subvault_wall,
          aquarium_subvault_bridge, aquarium_subvault_wall],
          aquarium_window_fake, aquarium_window_1, aquarium_view_2b,
          aquarium_view_2b
Temple:   hellmonk_temple_of_storms

Skill      XL: |  1  2  3  4  5  6  7 |
---------------+----------------------+-----
Evocations     | 4 |  4.9
Short Blades   | 1 2 3 4 |  4.0
Dodging        | 2 3 |  3.1
Stealth        | 2 3 |  3.8
Fighting       | 2 |  2.6
Spellcasting   | 1 |  1.1
Maces & Flails | |  0.8
Armour         | |  2.0

Action                   |  1- 3 |  4- 6 |  7- 9 || total
-------------------------+-------+-------+-------++-------
Melee: Club              |    13 |       |       ||    13
       Punch             |     1 |     2 |       ||     3
       Short sword       |    42 |   126 |    79 ||   247
Evoke: Wand              |     2 |    11 |    10 ||    23
  Use: Potion            |       |       |     2 ||     2
 Stab: Sleeping          |     3 |     3 |     4 ||    10
Armor: Leather armour    |    13 |    25 |    17 ||    55
Dodge: Dodged            |    32 |    82 |    63 ||   177
